 Dungeon Crawl Stone Soup version 0.28.0-49-g6dfe1f597d (webtiles) character file.

Game seed: 17922589652738025963

42 Gabide the Poker (level 3, 0/29 HPs)
             Began as a Human Monk on May 12, 2022.
             Slain by an adder (3 damage)
             ... on level 2 of the Dungeon.
             The game lasted 00:01:24 (1804 turns).

Gabide the Poker (Human Monk)                       Turns: 1804, Time: 00:01:25

Health: 0/29       AC:  2    Str: 13    XL:     3   Next: 77%
Magic:  3/3        EV: 13    Int: 10    God:
Gold:   63         SH:  0    Dex: 15    Spells: 2/2 levels left

rFire   . . .      SeeInvis .   a - +0 spear
rCold   . . .      Faith    .   (no shield)
rNeg    . . .      Spirit   .   b - +0 robe
rPois   .          Reflect  .   (no helmet)
rElec   .          Harm     .   (no cloak)
rCorr   .          Rampage  .   (no gloves)
Will    .....                   (no boots)
Stlth   ++........              (no amulet)
HPRegen 0.09/turn               (no ring)
MPRegen 0.08/turn               (no ring)

@: attractive, flying
A: no striking features
a: no special abilities


You were on level 2 of the Dungeon.
You visited 1 branch of the dungeon, and saw 2 of its levels.

You collected 63 gold pieces.

Inventory:

Hand Weapons
 a - a +0 spear (weapon)
Armour
 b - a +0 robe (worn)
Scrolls
 d - a scroll of identify
 g - 3 scrolls of magic mapping
 h - a scroll of enchant armour {unknown}
Potions
 i - a potion of attraction


   Skills:
 + Level 3.5 Fighting
 + Level 3.5 Polearms
 + Level 3.5 Dodging
 - Level 2.0 Stealth


You had 2 spell levels left.
You didn't know any spells.
Your spell library contained the following spells:

 Spells                   Type           Power      Damage    Failure   Level
 Scorch                   Fire           0%         2d5       50%         2
 Conjure Flame            Conj/Fire      0%         6-21      75%         3
 Ignite Poison            Fire/Tmut/Pois 0%         N/A       75%         3
 Flame Wave               Conj/Fire      0%         2d4       98%         4
 Sticky Flame             Conj/Fire      0%         2d3       98%         4
 Summon Cactus Giant      Summ           0%         N/A       100%        6


Dungeon Overview and Level Annotations

Branches:
Dungeon (2/15)

Altars:


Message History

You feel sick. The adder bites you.
You feel sick.
You feel sick.
You are no longer poisoned.
The adder bites you.
* * * LOW HITPOINT WARNING * * *
You completely miss the adder.
The adder is moderately wounded.
The adder bites you.
* * * LOW HITPOINT WARNING * * *
It was a potion of attraction.
You feel attractive to monsters. The adder misses you.
It was a potion of flight.
You feel very buoyant.
You fly up into the air.
The adder bites you.
* * * LOW HITPOINT WARNING * * *
The endoplasm jiggles.
The adder bites you but does no damage.
As you read the scroll labelled ECON BARIBEPA, it crumbles to dust.
It is a scroll of identify.
g - 3 scrolls of magic mapping The adder bites you but does no damage.
As you read the scroll labelled YKOTIJ DIPTAS, it crumbles to dust.
You assume a fearsome visage.
The adder looks frightened! x2
The endoplasm looks frightened!
It was a scroll of fear.
The worm is attracted toward you. The adder is attracted toward you.
The endoplasm is attracted toward you. The worm is attracted toward you.
The endoplasm is attracted toward you. The endoplasm is attracted toward you.
An adder comes into view.
The endoplasm is attracted toward you. The adder is attracted toward you.
The worm is attracted toward you. The adder is attracted toward you.
The endoplasm is attracted toward you.
As you read the scroll labelled VOUW MUJOXKUM, it crumbles to dust.
It is a scroll of amnesia.
You feel forgetful for a moment.
The adder hisses angrily.
The adder bites you.
You die...

### ##.# ...# ##.# #.#
########## ##'###
#.@S.§..§. #....#
#w######...# #....#
########J##..<....+ #....#
#.....##.##...#...## ....##
#.....##.##......... ##(.#
#.....##§##.........
##..####.....##.##.........
...........................
...........####.#§.w.......


You could see a worm, an adder and an endoplasm (fleeing).

Vanquished Creatures
  2 dart slugs (D:1)
  5 ball pythons (D:1)
  5 endoplasms (D:1)
  A giant cockroach (D:1)
  3 goblins (D:1)
  2 hobgoblins
  4 jackals (D:2)
  A kobold (D:1)
  2 quokkas (D:2)
  2 bats (D:1)
  2 frilled lizards
  2 rats (D:1)
31 creatures vanquished.

Notes
Turn   | Place    | Note
-------+----------+-------------------------------------------
     0 | D:1      | Gabide the Human Monk began the quest for the Orb.
     0 | D:1      | Reached XP level 1. HP: 18/18 MP: 1/1
   363 | D:1      | Reached XP level 2. HP: 24/24 MP: 2/2
   640 | D:1      | Reached XP level 3. HP: 10/29 MP: 3/3
  1804 | D:2      | Slain by an adder

Illustrated notes

Levels and vault maps discovered:
D:1:      nicolae_arrival_washed_ashore, layout_loops_ring
D:2:      layout_basic, basic_altar

Action                   || total
-------------------------++-------
Melee: Spear             ||   116
       Punch             ||     2
  Use: Scroll            ||     3
       Potion            ||     2
 Stab: Sleeping          ||     6
Armor: Robe              ||    17
Dodge: Dodged            ||    65
